 Dungeon Crawl Stone Soup version 0.27-a0-263-gc8dee61f84 (webtiles) character file.

Game seed: 2959728065522469317

5454 lunkers the Zephyrmancer (level 10, -4/80 HPs)
             Began as a Demigod Air Elementalist on Feb 3, 2021.
             Killed from afar by a smoke demon (15 damage)
             ... with a ball of steam
             ... on level 1 of the Abyss on Feb 4, 2021.
             The game lasted 00:17:46 (14042 turns).

lunkers the Zephyrmancer (DgAE)                    Turns: 14042, Time: 00:17:46

Health: -4/80      AC:  6    Str: 11    XL:     10   Next: 18%
Magic:  3/34       EV: 11    Int: 25    God:
Gold:   811        SH:  3    Dex: 16    Spells: 13/23 levels left

rFire    . . .     SeeInvis .   B - +5 dagger "Ypiv" {pain, Fragile +Inv MP+9}
rCold    . . .     Faith    .   y - +0 buckler
rNeg     . . .     Spirit   .   a - +0 robe
rPois    .         Reflect  .   c - +1 helmet
rElec    .         Harm     .   s - +0 cloak
rCorr    .         Rampage  .   (no gloves)
Will     +....                  g - +0 pair of boots
Stlth    ++........             (no amulet)
HPRegen  0.23/turn              (no ring)
MPRegen  0.24/turn              (no ring)

@: about to teleport
A: high mp 1
a: Evoke Invisibility


You were on level 1 of the Abyss.
You visited 1 branch of the dungeon, and saw 9 of its levels.
You visited the Abyss 1 time.
You also visited: Sewer.

You collected 811 gold pieces.

Inventory:

Hand Weapons
 o - a +1 short sword of freezing
 A - a +2 trident of protection
 B - the +5 dagger "Ypiv" (weapon) {pain, Fragile +Inv MP+9}
   (You took it off an orc on level 7 of the Dungeon)

   In the hands of one skilled in necromantic magic, it inflicts extra damage on
   living creatures.
   It affects your magic capacity (+9).
   It lets you turn invisible.
   It will be destroyed if unequipped.
Armour
 a - a +0 robe (worn)
 c - a +1 helmet (worn)
 g - a +0 pair of boots (worn)
 s - a +0 cloak (worn)
 y - a +0 buckler (worn)
Jewellery
 p - an uncursed ring of ice
Wands
 h - a wand of paralysis (5)
 w - a wand of polymorph (15)
Scrolls
 b - 5 scrolls of teleportation
 j - a scroll of immolation {unknown}
 q - 5 scrolls of remove curse
 r - a scroll of amnesia
 t - a scroll of fear {unknown}
 u - 2 scrolls of blinking {unknown}
 v - 3 scrolls of enchant weapon {unknown}
 x - 3 scrolls of fog {unknown}
 D - a scroll of enchant armour {unknown}
Potions
 d - a potion of cancellation
 e - 2 potions of brilliance
 f - a potion of haste {unknown}
 i - 6 potions of attraction
 k - 3 potions of flight
 l - a potion of might {unknown}
 m - 4 potions of heal wounds
 n - 5 potions of curing
 z - 3 potions of lignification


   Skills:
 + Level 4.4 Fighting
 - Level 1.7 Dodging
 - Level 1.7 Stealth
 + Level 7.3 Spellcasting
 - Level 0.8 Conjurations
 * Level 11.2 Air Magic


You had 13 spell levels left.
You knew the following spells:

 Your Spells              Type           Power        Failure   Level
a - Airstrike             Air            30%          1%          4
b - Swiftness             Air            60%          1%          2
c - Static Discharge      Conj/Air       39%          2%          3
d - Shock                 Conj/Air       100%         1%          1

Your spell library contained the following spells:

 Spells                   Type           Power        Failure   Level
 Summon Small Mammal      Summ           36%          11%         1
 Summon Lightning Spire   Summ/Air       37%          11%         4
 Call Imp                 Summ           9%           16%         2
 Lightning Bolt           Conj/Air       19%          26%         5
 Call Canine Familiar     Summ           9%           32%         3
 Summon Guardian Golem    Hex/Summ       9%           32%         3
 Summon Ice Beast         Ice/Summ       9%           71%         4
 Iskenderun's Battlesphe  Conj           13%          91%         5
 Bolt of Magma            Conj/Fire/Erth 5%           95%         5
 Iron Shot                Conj/Erth      5%           100%        6
 Orb of Destruction       Conj           6%           100%        7
 Spellforged Servitor     Conj/Summ      5%           100%        7


Dungeon Overview and Level Annotations

Branches:
Dungeon (9/15)             Temple (0/1) D:4           Sewer (visited)
   Lair: D:8-11         Orc: D:9-12

Annotations:
D:9 Erolcha


Innate Abilities, Weirdness & Mutations

You have an increased reservoir of magic. (+10% MP)


Message History

As you read the scroll of teleportation, it crumbles to dust.
You feel strangely unstable.
You feel the power of the Abyss delaying your translocation!
The large abomination hits you!
* * * LOW HITPOINT WARNING * * *
Unknown command.
The smoke demon gestures at you. The sticky flame hits you.
You are covered in liquid flames!
* * * LOW HITPOINT WARNING * * *
A spatial vortex comes into view.
You are covered in liquid flames!
* * * LOW HITPOINT WARNING * * *
You are covered in liquid flames!
* * * LOW HITPOINT WARNING * * *
You are covered in liquid flames!
* * * LOW HITPOINT WARNING * * *
The smoke demon gestures at you. The ball of steam hits you!
You die...

### ..# ...
#.## ...
#."## ..
#.####.#
#..###.#..##.
#...#...#.
#.(3X.#.. #
#.###ยง###..#
#@.# ..# #..#
# . ..#.#
..#.## ##. .
.# .# .. ##
.#


You could see a large abomination and a smoke demon.

Vanquished Creatures
  A sixfirhy (Abyss:1)
  Grinder (D:5)
  Sigmund (D:6)
  A water moccasin (D:6)
  Duvessa (D:5)
  2 orc warriors
  2 sky beasts
  2 black bears (D:6)
  An ice beast (D:7)
  2 centaurs
  2 wolves (D:6)
  2 ogres
  3 phantoms
  A big kobold (Sewer)
  Blork the orc (D:5)
  2 bullfrogs
  4 gnoll sergeants (D:6)
  A wyvern zombie (D:7)
  Dowan (D:5)
  A small abomination (Abyss:1)
  3 scorpions
  A water moccasin skeleton (D:8)
  4 wights
  4 howler monkeys
  8 crimson imps (D:8)
  3 jellies
  3 orc priests
  7 hounds
  A quasit (D:7)
  3 gnoll shamans (D:6)
  2 bullfrog skeletons
  3 iguanas
  7 orc wizards
  6 worker ants
  A hound zombie (D:5)
  2 hound skeletons
  A howler monkey zombie (D:2)
  2 worker ant zombies (D:7)
  32 gnolls
  6 adders
  3 white imps
  2 ufetubi (D:7)
  An ooze (D:3)
  An adder skeleton (D:6)
  5 worms
  3 dart slugs
  4 leopard geckos
  30 orcs
  6 giant cockroaches
  6 goblins
  7 hobgoblins
  8 jackals
  2 quokkas
  A ball python (D:3)
  3 bats
  3 frilled lizards
  10 kobolds
  A leopard gecko zombie (D:5)
  15 rats
242 creatures vanquished.

Notes
Turn   | Place    | Note
-------+----------+-------------------------------------------
     0 | D:1      | lunkers the Demigod Air Elementalist began the quest for
                  | the Orb.
     0 | D:1      | Reached XP level 1. HP: 14/14 MP: 5/5
   352 | D:1      | Reached skill level 3 in Air Magic
   680 | D:1      | Reached XP level 2. HP: 20/20 MP: 5/7
  1993 | D:2      | Reached XP level 3. HP: 26/26 MP: 3/9
  2246 | D:2      | Found a faded altar of an unknown god.
  2548 | D:3      | Reached skill level 4 in Air Magic
  2658 | D:3      | Reached XP level 4. HP: 14/33 MP: 0/10
  2953 | D:3      | Found a glowing drain.
  2980 | Sewer    | Entered a sewer
  3056 | Sewer    | Noticed a big kobold
  3117 | Sewer    | Killed a big kobold
  3118 | Sewer    | Reached XP level 5. HP: 30/38 MP: 3/12
  3256 | Sewer    | Found a glowing silver altar of Zin.
  3569 | D:3      | Reached skill level 5 in Air Magic
  3876 | D:3      | Found a burning altar of Makhleb.
  3879 | D:3      | Found a shimmering blue altar of Sif Muna.
  4083 | D:3      | You fall into a shaft and drop 1 floor!
  4147 | D:4      | Found a staircase to the Ecumenical Temple.
  4856 | D:3      | Upgraded the game from 0.27-a0-249-g74f53ef629 to
                  | 0.27-a0-263-gc8dee61f84
  5013 | D:4      | Learned a level 2 spell: Swiftness
  5017 | D:4      | Learned a level 3 spell: Static Discharge
  5022 | D:4      | Learned a level 4 spell: Airstrike
  5453 | D:4      | Reached XP level 6. HP: 45/45 MP: 2/14
  5675 | D:4      | Found a hazy altar of Hepliaklqana.
  5813 | D:5      | Entered Level 5 of the Dungeon
  5940 | D:5      | Noticed Grinder
  5943 | D:5      | Killed Grinder
  5944 | D:5      | Reached skill level 6 in Air Magic
  5987 | D:5      | Reached XP level 7. HP: 50/50 MP: 0/16
  6175 | D:5      | Noticed Blork the orc
  6179 | D:5      | Killed Blork the orc
  6183 | D:5      | Noticed Duvessa
  6324 | D:5      | Killed Duvessa
  6364 | D:5      | Noticed Dowan
  6366 | D:5      | Killed Dowan
  6367 | D:5      | Reached skill level 7 in Air Magic
  6469 | D:5      | Found a bloodstained altar of Trog.
  7272 | D:6      | Reached skill level 5 in Spellcasting
  7341 | D:6      | Reached XP level 8. HP: 57/57 MP: 14/19
  7343 | D:6      | Reached skill level 8 in Air Magic
  7847 | D:6      | Noticed Sigmund
  7850 | D:6      | Killed Sigmund
  7851 | D:6      | Reached skill level 9 in Air Magic
  8659 | D:6      | Reached skill level 1 in Fighting
  8897 | D:6      | Reached XP level 9. HP: 64/64 MP: 13/22
 10018 | D:6      | Reached skill level 10 in Air Magic
 10971 | D:7      | Identified the +5 dagger "Ypiv" {pain, Fragile +Inv MP+9}
 13316 | D:8      | Found a bloodstained altar of Trog.
 13379 | D:8      | Reached XP level 10. HP: 78/78 MP: 20/24
 13385 | D:8      | Reached skill level 11 in Air Magic
 13803 | D:9      | Noticed Erolcha
 13805 | D:9      | Cast into level 1 of the Abyss (Erolcha)
 13986 | Abyss:1  | Noticed a sixfirhy
 14018 | Abyss:1  | Killed a sixfirhy
 14027 | Abyss:1  | Noticed a large abomination
 14036 | Abyss:1  | Noticed a smoke demon
 14042 | Abyss:1  | Killed from afar by a smoke demon

Illustrated notes

Levels and vault maps discovered:
D:1:      nicolae_arrival_memento_mori, layout_loops_corners,
          minmay_misc_feat_iff
D:2:      layout_loops_ring, chequers_ecumenical_altar_twisty,
          kennysheep_generic_room_15
D:3:      minmay_angry_zag, layout_loops_ring, nicolae_overflow_hidden_temple,
          portal_sewer_entry_a
D:4:      layout_basic, nzn_hepliaklqana_mist_gate, minmay_temple_entry_ruins,
          minmay_door_square
D:5:      layout_basic, kennysheep_little_box, uniq_grinder, uniq_blork_the_orc,
          uniq_duvessa
D:6:      layout_cave_pools, serial_gnoll_camp, gnoll_camp_huts_moat,
          gnoll_camp_mini_sergeant, gnoll_camp_medium_01, gnoll_camp_mini_house,
          gnoll_camp_mini_loothouse, gnoll_camp_mini_hut, uniq_sigmund
D:7:      minmay_general_purpose_star, layout_basic, skrybe_limestone_x
D:8:      layout_cave_pools, basic_altar, minmay_nine_imps
D:9:      layout_roguey, minmay_orc_entry_temple_small, serial_shops, shop,
          tgw_fedhas, uniq_pikel, uniq_maggie, uniq_erolcha
Abyss:1:  base:
D:9

Skill      XL: |  1  2  3  4  5  6  7  8  9 10 |
---------------+-------------------------------+-----
Spellcasting   | 2 3 4 5 6 7 |  7.3
Air Magic      | 3 4 5 6 7 9 10 11 | 11.2
Fighting       | 1 4 |  4.4
Dodging        | |  1.7
Stealth        | |  1.7
Conjurations   | |  0.8

Action                   |  1- 3 |  4- 6 |  7- 9 | 10-12 || total
-------------------------+-------+-------+-------+-------++-------
Melee: Unarmed           |     4 |       |       |       ||     4
       Short sword       |       |     1 |    26 |       ||    27
       Dagger            |       |       |       |     9 ||     9
 Cast: Shock             |   106 |   126 |     3 |       ||   235
       Airstrike         |       |     9 |   223 |    30 ||   262
  Use: Scroll            |       |       |     8 |     5 ||    13
 Stab: Sleeping          |       |     1 |       |       ||     1
Armor: Robe              |     2 |     4 |    25 |     1 ||    32
Dodge: Dodged            |     9 |    17 |    29 |    10 ||    65
Block: Buckler           |       |       |     1 |       ||     1

Table legend: (Time is in decaauts)
 A = Elapsed time spent in this place.
 B = Non-inter-level travel time spent in this place.
 C = Inter-level travel time spent in this place.
 D = Time resting spent in this place.
 E = Time spent auto-exploring this place.
 F = Levels seen in this place.
 G = Mean time per level.
                   A        B        C        D        E       F      G
               +--------+--------+--------+--------+--------+-----+--------+
         Total |  14107 |  13804 |    303 |   1756 |  10469 |  11 | 1282.5 |
       Dungeon |  13460 |  13157 |    303 |   1672 |  10141 |   9 | 1495.6 |
         Abyss |    236 |    236 |      0 |     12 |    113 |   1 |  236.0 |
         Sewer |    410 |    410 |      0 |     72 |    215 |   1 |  410.0 |
               +--------+--------+--------+--------+--------+-----+--------+

Top non-repeatable levels by time:
     D:6: 3626 daAuts
     D:7: 1690 daAuts
     D:3: 1653 daAuts
     D:5: 1598 daAuts
     D:2: 1595 daAuts
     D:4: 1120 daAuts
     D:1: 1094 daAuts
     D:8: 1078 daAuts
   Sewer: 410 daAuts
 Abyss:1: 236 daAuts
     D:9: 1 daAuts
